Map: [ESL] Tropical Sacrifice

Players

Astrea - Winner!

  • Race: Protoss Protoss
  • Spawn Location: 7:00

Future

  • Race: Terran Terran
  • Spawn Location: 1:00

Event: DreamHack SC2 Masters 2022 Atlanta (Online)

VOD

Have the link to the VOD?

Description

Time

  • Played on: Oct. 4, 2022, 6:01 p.m.
  • Length: 19:20

All games in this series

Show
View Real Time Build Order
Export as new Build Order

Astrea Protoss - Winner!

Build Orders: Blink Stalkers 

Get SALT Encoding   

  12  0:00  Probe  
  13  0:12  Probe  
  14  0:17  Pylon  
  14  0:24  Probe (Chrono Boost)  
  15  0:36  Probe (Chrono Boost)  
  15  0:37  Gateway  
  16  0:43  Probe (Chrono Boost)  
  16  0:46  Assimilator  
  17  0:51  Probe  
  18  1:03  Probe  
  19  1:15  Probe  
  20  1:24  Cybernetics Core  
  20  1:28  Zealot (Chrono Boost)  
  20  1:30  Pylon  
  20  1:32  Probe  
  23  1:47  Zealot (Chrono Boost)  
  23  1:48  Probe  
  26  2:00  Probe  
  27  2:07  Shield Battery  
  27  2:10  Stalker (Chrono Boost)  
  29  2:18  Warp Gate  
  29  2:19  Probe  
  28  2:36  Probe, Stalker  
  27  2:44  Nexus  
  27  2:48  Probe  
  28  2:58  Assimilator  
  28  3:00  Probe  
  28  3:03  Pylon  
  29  3:13  Probe  
  29  3:14  Twilight Council  
  30  3:25  Probe (Chrono Boost)  
  30  3:29  Sentry  
  32  3:37  Probe (Chrono Boost)  
  33  3:44  Probe (Chrono Boost)  
  34  3:53  Gateway, Probe (Chrono Boost)  
  35  3:56  Gateway  
  35  3:57  Blink  
  35  3:59  Probe (Chrono Boost)  
  35  4:02  Phoenix  
  36  4:09  Probe x2 (Chrono Boost)  
  38  4:16  Probe (Chrono Boost)  
  40  4:19  Probe (Chrono Boost)  
  40  4:20  Robotics Facility  
  41  4:25  Probe (Chrono Boost)  
  41  4:28  Probe (Chrono Boost)  
  41  4:30  Probe  
  42  4:37  Stalker  
  42  4:38  Probe  
  46  4:42  Probe  
  47  4:49  Pylon  
  47  4:50  Probe  
  48  4:54  Probe  
  48  4:58  Stalker x2  
  53  5:03  Pylon  
  53  5:08  Observer (Chrono Boost)  
  53  5:11  Nexus  
  54  5:17  Probe  
  52  5:21  Stalker  
  52  5:23  Probe  
  55  5:29  Probe  
  55  5:33  Observer  
  55  5:34  Assimilator  
  55  5:35  Probe  
  58  5:37  Pylon  
  58  5:41  Probe  
  59  5:47  Probe, Stalker  
  59  5:48  Stalker  
  64  5:53  Probe  
  65  5:59  Probe  
  63  6:05  Probe  
  65  6:11  Probe, Stalker x2  
  65  6:17  Probe, Pylon  
  70  6:23  Probe  
  70  6:24  Stalker  
  73  6:26  Charge (Chrono Boost)  
  73  6:30  Probe x2  
  75  6:38  Probe  
  76  6:41  Stalker  
  76  6:42  Probe  
  76  6:43  Stalker  
  76  6:46  Probe  
  82  6:50  Probe, Pylon  
  83  7:05  Probe  
  84  7:11  Probe  
  83  7:16  Gateway  
  83  7:17  Gateway  
  83  7:18  Gateway x2  
  83  7:20  Gateway  
  83  7:22  Zealot x2  
  83  7:23  Zealot  
  83  7:26  Probe x2  
  83  7:27  Shield Battery  
  91  7:37  Probe  
  91  7:38  Probe  
  91  7:39  Assimilator  
  91  7:45  Stalker x3  
  89  8:01  Pylon  
  89  8:03  Immortal, Pylon  
  92  8:09  Stalker  
  92  8:10  Stalker x2  
  96  8:15  Stalker x5  
  104  8:34  Zealot x2  
  106  8:36  Observer  
  102  8:41  Zealot x4  
  102  8:48  Probe x2  
  104  8:51  Pylon  
  104  8:54  Pylon  
  100  9:00  Probe x2  
  99  9:04  Zealot x5  
  99  9:09  Forge, Gateway  
  109  9:10  Gateway  
  109  9:14  Warp Prism, Templar Archives  
  111  9:21  Nexus  
  111  9:22  Sentry  
  113  9:27  Pylon  
  113  9:30  Zealot x4  
  121  9:34  Zealot x2  
  122  9:41  Observer  
  122  9:42  Protoss Ground Weapons Level 1 (Chrono Boost)  
  122  9:48  Zealot  
  124  9:56  Zealot x2  
  124  9:57  Zealot x2  
  130  10:14  High Templar  
  130  10:19  Pylon  
  130  10:21  High Templar x3  
  132  10:22  Pylon  
  129  10:34  Zealot x4  
  128  10:37  Pylon  
  100  10:52  Zealot  
  100  10:55  Zealot x6  
  114  11:01  Archon x2  
  92  11:15  Zealot x2  
  92  11:16  Zealot x3  
  89  11:28  Dark Shrine  
  89  11:32  Zealot x5  
  96  11:47  Zealot x2  
  96  11:48  Zealot x2  
  80  12:07  Probe x3 (Chrono Boost)  
  80  12:08  Protoss Ground Weapons Level 2  
  75  12:10  Zealot x2  
  79  12:19  Probe x3 (Chrono Boost), Pylon  
  82  12:24  Probe (Chrono Boost)  
  82  12:25  Probe x2 (Chrono Boost)  
  82  12:27  Gateway  
  85  12:30  Observer, Gateway  
  85  12:33  Probe x2  
  87  12:42  Dark Templar x2  
  91  12:47  Probe  
  91  12:48  Probe x2  
  94  12:58  Templar Archives  
  94  13:00  Probe  
  94  13:02  Dark Templar  
  94  13:04  Probe x2  
  94  13:05  Shield Battery  
  99  13:12  Probe  
  100  13:16  Probe  
  101  13:20  Dark Templar x2  
  101  13:23  Probe  
  106  13:31  Probe  
  106  13:32  Robotics Facility, Probe  
  108  13:36  Zealot x2  
  106  13:41  Observer  
  106  13:42  Probe  
  106  13:44  Probe  
  106  13:47  Probe  
  109  13:54  Stalker x3  
  115  13:58  Stalker x2  
  115  14:02  Psionic Storm  
  117  14:21  Probe x2  
  117  14:22  Probe  
  117  14:23  High Templar  
  122  14:25  Shield Battery  
  122  14:27  Assimilator  
  122  14:33  Probe  
  122  14:38  Zealot x2  
  125  14:40  Probe x2  
  121  14:56  High Templar  
  121  14:57  Zealot  
  120  15:11  Zealot x3  
  102  15:16  Probe  
  83  15:21  Zealot  
  83  15:25  Probe x2  
  83  15:28  Probe  
  70  15:31  Observer (Chrono Boost)  
  70  15:33  Zealot x4  
  71  15:37  Probe x2  
  71  15:40  Probe  
  70  15:45  Zealot  
  70  15:49  Probe  
  65  15:56  Zealot x4  
  62  16:13  Zealot  
  62  16:18  Nexus  
  64  16:22  Stalker x4  
  72  16:43  Dark Templar  
  74  16:47  Zealot  
  76  16:57  Zealot  
  75  17:12  Dark Templar  
  75  17:13  Zealot x2  
  79  17:19  Zealot  
  81  17:32  Zealot  
  81  17:39  Zealot  
  57  18:45  Nexus  
  57  18:50  Stalker x3  
  63  19:09  Zealot x2  
Show
View Real Time Build Order
Export as new Build Order

Future Terran 

Build Orders:  

Get SALT Encoding   

  12  0:00  SCV  
  13  0:12  SCV  
  14  0:17  Supply Depot  
  14  0:24  SCV  
  15  0:40  Barracks  
  15  0:51  Barracks  
  15  0:54  SCV  
  16  1:06  SCV  
  16  1:07  Refinery  
  17  1:18  SCV  
  18  1:26  Marine  
  18  1:30  Orbital Command  
  19  1:37  Marine  
  19  1:38  Supply Depot  
  20  1:44  Marine  
  21  1:52  Bunker  
  21  1:56  Marine  
  22  2:02  SCV  
  22  2:05  Marine  
  24  2:14  SCV  
  24  2:18  Marine  
  25  2:24  Marine  
  25  2:30  SCV  
  26  2:40  Factory  
  26  2:42  SCV  
  25  2:54  SCV  
  26  3:01  Command Center  
  26  3:06  SCV  
  26  3:10  Refinery  
  27  3:14  Supply Depot  
  27  3:18  SCV  
  28  3:25  Starport  
  28  3:27  Factory Reactor  
  28  3:30  SCV  
  29  3:42  SCV  
  30  3:54  SCV  
  31  3:56  Barracks Reactor  
  31  4:03  Medivac  
  31  4:04  Widow Mine x2  
  31  4:07  SCV  
  38  4:12  Orbital Command  
  38  4:19  SCV  
  38  4:22  Armory  
  39  4:26  Widow Mine x2  
  39  4:31  SCV  
  44  4:32  Supply Depot  
  44  4:33  Marine x2  
  46  4:38  SCV  
  46  4:43  SCV, Medivac  
  50  4:50  SCV, Marine  
  50  4:51  Marine  
  53  4:54  Supply Depot  
  53  4:55  SCV  
  53  4:59  Widow Mine  
  58  5:00  Widow Mine  
  58  5:02  SCV  
  59  5:07  SCV  
  59  5:09  Supply Depot  
  59  5:13  Marine  
  61  5:14  Marine  
  61  5:15  SCV  
  61  5:20  SCV  
  64  5:26  Barracks  
  64  5:27  SCV  
  65  5:32  SCV, Factory Tech Lab, Marine x2  
  65  5:33  Starport Reactor  
  65  5:34  Barracks  
  64  5:36  Supply Depot  
  64  5:40  SCV  
  65  5:44  SCV  
  65  5:45  Engineering Bay  
  65  5:49  Marine  
  66  5:50  Marine  
  66  5:52  SCV  
  66  5:56  SCV, Siege Tank  
  73  6:04  SCV  
  70  6:07  Marine  
  70  6:08  SCV, Marine  
  71  6:12  Refinery x2  
  71  6:13  Supply Depot  
  71  6:16  SCV  
  71  6:17  Marine x2  
  74  6:20  SCV, Terran Infantry Weapons Level 1  
  74  6:22  Starport Reactor  
  74  6:25  Marine x2  
  75  6:31  Siege Tank  
  75  6:32  Marine x2  
  82  6:36  Barracks, Marine x2  
  82  6:38  Medivac  
  86  6:44  Marine  
  88  6:47  Marine  
  88  6:49  Supply Depot  
  88  6:51  Marine x2  
  88  6:52  Supply Depot  
  89  6:57  Marine  
  89  7:00  Marine  
  91  7:05  Marine  
  91  7:09  Marine x2  
  91  7:10  Siege Tank  
  91  7:11  Barracks  
  91  7:12  Barracks  
  91  7:15  Marine  
  95  7:18  Marine  
  95  7:24  Liberator  
  95  7:26  Barracks Tech Lab, Marine  
  95  7:27  Marine  
  100  7:31  Supply Depot  
  100  7:32  Supply Depot  
  100  7:33  Marine  
  100  7:36  Marine  
  99  7:45  Marine  
  99  7:46  Marine x2  
  99  7:48  Stimpack  
  99  7:50  Marine  
  102  7:54  Marine  
  97  7:59  Marine  
  97  8:02  Siege Tank  
  97  8:03  Marine  
  97  8:04  Barracks Tech Lab, Marine x2  
  104  8:09  Marine  
  104  8:11  Marine  
  101  8:14  Terran Infantry Armor Level 1  
  101  8:17  Marine  
  96  8:21  Marine  
  96  8:22  Marine  
  96  8:27  Marine  
  98  8:28  Marine  
  98  8:30  Marine  
  98  8:32  Marine  
  100  8:34  Siege Tank  
  100  8:35  Combat Shield  
  100  8:36  Marine  
  100  8:39  Marine  
  99  8:45  Marine x2  
  99  8:47  Marine  
  99  8:48  Marine  
  91  8:49  Marine  
  91  8:54  Marine  
  88  8:57  Marine  
  87  9:03  Marine x2  
  87  9:05  Marine  
  87  9:06  Siege Tank, Marine  
  94  9:11  Marine  
  94  9:13  Marine  
  94  9:14  Liberator, Marine  
  100  9:20  Marine  
  100  9:21  Marine  
  100  9:22  Marine  
  103  9:27  Marine  
  103  9:29  Marine  
  103  9:31  Marine  
  105  9:32  Marine  
  106  9:38  Marine  
  106  9:39  Siege Tank, Marine  
  106  9:40  Marine  
  106  9:43  Supply Depot  
  106  9:44  Supply Depot, Marine  
  112  9:47  Marine  
  112  9:49  Marine  
  112  9:50  Marine  
  115  9:56  Marine  
  115  9:57  Marine  
  115  9:58  Medivac, Marine  
  120  10:02  Marine  
  121  10:23  Marine x3  
  121  10:30  Marine  
  121  10:32  Marine  
  121  10:33  Marine  
  121  10:35  Siege Tank  
  123  10:38  Marine  
  111  10:53  Marine x2  
  111  10:54  Barracks Reactor  
  111  10:56  Marine  
  110  10:59  Marine  
  109  11:06  Marine  
  106  11:11  Marine  
  106  11:12  Marine  
  107  11:34  Marine  
  107  11:35  Marine  
  101  12:00  Marine  
  79  12:06  Marine x3  
  79  12:07  Marine  
  59  12:13  Marine  
  55  12:33  Banshee, Cloaking Field  
  55  12:35  Widow Mine x2, Marine x7  
  69  12:38  SCV x2  
  71  12:53  Marine x2  
  71  12:54  SCV x2  
  71  12:56  Widow Mine  
  71  12:57  Widow Mine  
  79  13:05  Marine x5  
  82  13:10  SCV, Marine  
  82  13:11  SCV  
  87  13:16  Banshee  
  87  13:19  Marine  
  91  13:20  Widow Mine  
  91  13:21  Widow Mine  
  91  13:23  Marine  
  91  13:24  Marine x2  
  99  13:27  Marine  
  99  13:28  Supply Depot, Marine x2  
  99  13:29  Supply Depot  
  101  13:37  Marine  
  101  13:39  Missile Turret  
  101  13:40  Marine  
  101  13:41  Missile Turret, Marine  
  103  13:47  Marine x3  
  103  13:48  Marine  
  108  13:54  Marine  
  109  13:58  Marine  
  109  13:59  Raven, Marine  
  113  14:07  Marine  
  113  14:08  Marine x2  
  113  14:10  Marine  
  113  14:12  Marine  
  115  14:19  Marine x2  
  117  14:25  Marine  
  117  14:27  Marine x2  
  117  14:28  Marine  
  121  14:34  Marine  
  121  14:38  Marine  
  123  14:39  Marine  
  123  14:43  Marine  
  124  14:46  Marine  
  124  14:49  Marine  
  125  14:54  Marine  
  125  14:55  Marine  
  123  15:11  Marine x4  
  102  15:14  Marine  
  102  15:20  Marine  
  86  15:25  Marine  
  71  15:28  Marine  
  71  15:29  Marine  
  71  15:33  Marine  
  68  15:38  Marine  
  44  16:47  Marine x2  
  45  17:19  Raven  
  34  17:51  Marine x3  
  16  17:52  Marine  
  14  18:07  Banshee  
  17  18:15  Marine x2  
  15  18:30  Marine x2  
  15  18:31  Marine x2  
  15  18:33  Marine  
  16  18:35  Marine  
  17  18:49  Marine  
  17  18:51  Marine  
  18  19:00  Marine  
Tags
 
Add a new tag
Caveats
  • Supply blocks, unpowered buildings, or Contaminate may cause inaccurate times.
  • Supply counts are checked every 10 seconds.